 Dungeon Crawl Stone Soup version 0.29-a0-775-g4d7333d4e2 (webtiles) character file.

Game seed: 4810114064873360733

122 elite277 the Conjurer (level 5, 0/35 HPs)
             Began as a Human Conjurer on July 1, 2022.
             Was an Initiate of Sif Muna.
             Slain by Duvessa
             ... wielding a +0 short sword
              (10 damage)
             ... on level 4 of the Dungeon.
             The game lasted 00:17:11 (3376 turns).

elite277 the Conjurer (Human Conjurer)              Turns: 3376, Time: 00:17:12

Health: 0/35       AC:  3    Str: 10    XL:     5   Next: 27%
Magic:  1/9        EV: 12    Int: 18    God:    Sif Muna [......]
Gold:   231        SH:  5    Dex: 11    Spells: 5/10 levels left

rFire   x . .      SeeInvis .   h - +0 dagger
rCold   + . .      Faith    .   (no shield)
rNeg    . . .      Spirit   .   a - +0 robe
rPois   .          Reflect  +   (no helmet)
rElec   .          Harm     .   (no cloak)
rCorr   .          Rampage  .   (no gloves)
Will    .....                   d - +0 pair of boots
Stlth   ++........              i - amulet of reflection
HPRegen 0.11/turn               m - ring of ice
MPRegen 0.11/turn               (no ring)

@: no status effects
A: no striking features
a: Renounce Religion


You were on level 4 of the Dungeon.
You worshipped Sif Muna.
Sif Muna was noncommittal.
You visited 1 branch of the dungeon, and saw 4 of its levels.

You collected 231 gold pieces.

Inventory:

Hand Weapons
 h - a +0 dagger (weapon)
Missiles
 p - 2 poisoned darts
Armour
 a - a +0 robe (worn)
 d - a +0 pair of boots (worn)
 o - a +0 ring mail
Jewellery
 i - an amulet of reflection (around neck)
 m - a ring of ice (left hand)
Wands
 r - a wand of paralysis (6)
Scrolls
 e - a scroll of fog {unknown}
 f - 2 scrolls of teleportation {unknown}
 j - a scroll of vulnerability {unknown}
 k - 2 scrolls of fear
 l - 2 scrolls of magic mapping {unknown}
 n - a scroll of enchant weapon {unknown}
 u - a scroll of brand weapon {unknown}
Potions
 b - 2 potions of magic
 c - 3 potions of curing
 g - 2 potions of heal wounds
 q - a potion of degeneration {unknown}
 s - a potion of might {unknown}
 t - 2 potions of flight
 v - a potion of attraction {unknown}


   Skills:
 + Level 0.1 Fighting
 + Level 2.1 Dodging
 - Level 2.0 Stealth
 * Level 3.3 Spellcasting
 + Level 5.0 Conjurations
 * Level 1.3 Air Magic


You had 5 spell levels left.
You knew the following spells:

 Your Spells              Type           Power      Damage    Failure   Level
a - Magic Dart            Conj           84%        1d7       1%          1
b - Searing Ray           Conj           42%        2d6       3%          2
c - Static Discharge      Conj/Air       14%        3-5/arc   6%          2

Your spell library contained the following spells:

 Spells                   Type           Power      Damage    Failure   Level
 Dazzling Flash           Conj/Hex       24%        N/A       17%         3
 Fulminant Prism          Conj/Hex       6%         3d7       50%         4
 Iskenderun's Mystic Bla  Conj/Tloc      12%        2d5       50%         4
 Sticky Flame             Conj/Fire      12%        2d4       50%         4
 Dispel Undead            Necr           2%         3d7       85%         4
 Summon Forest            Summ/Tloc      1%         N/A       99%         5
 Summon Mana Viper        Hex/Summ       2%         N/A       99%         5
 Summon Cactus Giant      Summ           1%         N/A       100%        6


Dungeon Overview and Level Annotations

Branches:
Dungeon (4/15)
 Temple: D:4-7

Altars:
Sif Muna
Uskayaw

Annotations:
D:4 Duvessa


Message History

You hit Duvessa but do no damage.
Duvessa is severely wounded.
Duvessa hits you with a +0 short sword!
You feel better. You block Duvessa's attack.
Casting: Static Discharge (safe; 6% risk of failure)
Confirm with . or Enter, or press ? or * to list all spells.
Aiming: Magic Dart (safe; 1% risk of failure)
Press: ? - help, Shift-Dir - straight line, f/p - Duvessa
Aim: Duvessa, wielding a +0 short sword and wearing a +0 scale mail (severely wounded, 100% to hit)
The magic dart hits Duvessa.
Duvessa is severely wounded.
Duvessa barely misses you.
You drop a scroll labelled ULEDUIRELY.
Duvessa hits you with a +0 short sword.
Throw: 4 darts (poison)
Press: ? - help, Shift-Dir - straight line, f/p - Duvessa
Aim: Duvessa, wielding a +0 short sword and wearing a +0 scale mail (severely wounded, 62% to hit)
You throw a poisoned dart. The poisoned dart hits Duvessa.
Duvessa is poisoned.
Duvessa is severely wounded.
Duvessa hits you with a +0 short sword.
You hit Duvessa but do no damage.
Duvessa is almost dead.
You block Duvessa's attack.
You hit Duvessa but do no damage.
Duvessa is almost dead.
Duvessa hits you with a +0 short sword.
You hit Duvessa.
Duvessa is almost dead.
Duvessa completely misses you.
You barely miss Duvessa.
Duvessa is almost dead.
Duvessa barely misses you.
Throw: 3 darts (poison)
Press: ? - help, Shift-Dir - straight line, f/p - Duvessa
Aim: Duvessa, wielding a +0 short sword and wearing a +0 scale mail (almost dead, poisoned, 62% to hit)
You throw a poisoned dart. The poisoned dart hits Duvessa.
Duvessa is almost dead.
Duvessa hits you with a +0 short sword!
* * * LOW HITPOINT WARNING * * *
You feel better. Duvessa hits you with a +0 short sword!
You die...

#.# ...... ###.#
##.## #...# ##..##
#.#.#########.....
#.#...........####
#.################
#.# ###.... #.#
#...... #@#
#.#.### #e># #.#.#
##.# #.#.# .#
#.#.# .# #.#.# .#
#.#.# .# ##.#.# .#
#..# #.##


You could see Duvessa (poisoned).

Vanquished Creatures
  A hound (D:4)
  2 adders (D:4)
  A worm (D:2)
  2 dart slugs
  3 orcs (D:3)
  4 bats
  4 endoplasms
  2 giant cockroaches
  12 goblins
  9 hobgoblins
  2 jackals (D:1)
  4 kobolds
  2 quokkas (D:3)
  6 ball pythons
  3 frilled lizards
  3 rats
60 creatures vanquished.

Notes
Turn   | Place    | Note
-------+----------+-------------------------------------------
     0 | D:1      | elite277 the Human Conjurer began the quest for the Orb.
     0 | D:1      | Reached XP level 1. HP: 13/13 MP: 3/3
   239 | D:1      | Reached XP level 2. HP: 14/19 MP: 0/5
   523 | D:1      | Reached XP level 3. HP: 24/24 MP: 1/6
   647 | D:1      | Learned a level 2 spell: Searing Ray
   650 | D:1      | Learned a level 2 spell: Static Discharge
  1905 | D:2      | Reached XP level 4. HP: 30/30 MP: 3/7
  2088 | D:3      | Found a hide-covered altar of Uskayaw.
  2236 | D:3      | Found a shimmering blue altar of Sif Muna.
  2242 | D:3      | Became a worshipper of Sif Muna the Loreminder
  2371 | D:3      | Reached skill level 5 in Conjurations
  2456 | D:3      | Found a faded altar of an unknown god.
  3178 | D:4      | Reached XP level 5. HP: 33/35 MP: 3/9
  3281 | D:4      | Noticed a centaur
  3300 | D:4      | Reached skill level 1 in Air Magic
  3356 | D:4      | Noticed Duvessa
  3376 | D:4      | Slain by Duvessa

Illustrated notes

Levels and vault maps discovered:
D:1:      amcnicky_arrival_flooded_fountain, layout_basic,
          chequers_serial_rivers_micro_a, moated_statue
D:2:      cheibrodos_greedy_goblins, layout_basic
D:3:      layout_basic, led_sif_pool, amcnicky_altar_gilded,
          hellmonk_ecumenical_altar_heavens_door, minmay_misc_feat_diagonals,
          item_on_display_a
D:4:      layout_loops_ring, serial_shops, nicolae_shop_statue_plus,
          minivault_14, uniq_duvessa

Skill      XL: |  1  2  3  4  5 |
---------------+----------------+-----
Conjurations   | 5 |  5.0
Spellcasting   | 3 |  3.3
Air Magic      | 1 |  1.3
Fighting       | |  0.1
Dodging        | |  2.1
Stealth        | |  2.0

Action                   |  1- 3 |  4- 6 || total
-------------------------+-------+-------++-------
Melee: Unarmed           |     4 |       ||     4
       Dagger            |    33 |    14 ||    47
       Punch             |     1 |       ||     1
Throw: Dart              |       |     2 ||     2
 Cast: Magic Dart        |    55 |    25 ||    80
       Searing Ray       |     4 |     9 ||    13
       Static Discharge  |       |     2 ||     2
Evoke: Wand              |       |     1 ||     1
  Use: Scroll            |       |     4 ||     4
       Potion            |       |     2 ||     2
 Stab: Sleeping          |     1 |     2 ||     3
Armor: Robe              |     2 |     3 ||     5
Dodge: Dodged            |    20 |    10 ||    30
Block: Other             |     3 |     6 ||     9

Table legend: (Time is in decaauts)
 A = Elapsed time spent in this place.
 B = Non-inter-level travel time spent in this place.
 C = Inter-level travel time spent in this place.
 D = Time resting spent in this place.
 E = Time spent auto-exploring this place.
 F = Levels seen in this place.
 G = Mean time per level.
                   A        B        C        D        E       F      G
               +--------+--------+--------+--------+--------+-----+--------+
         Total |   3375 |   3332 |     43 |   1127 |    925 |   4 |  843.8 |
       Dungeon |   3375 |   3332 |     43 |   1127 |    925 |   4 |  843.8 |
               +--------+--------+--------+--------+--------+-----+--------+

Top non-repeatable levels by time:
     D:1: 1069 daAuts
     D:2: 948 daAuts
     D:3: 891 daAuts
     D:4: 465 daAuts
